 Dungeon Crawl Stone Soup version 0.28.0-43-g3370ac3207 (webtiles) character file.

Game seed: 5130357577255618797

7907 crimpus the Basher (level 11, -20/123 HPs)
             Began as an Ogre Berserker on Mar 15, 2022.
             Was a Priest of Trog.
             Demolished by a two-headed ogre
             ... wielding a +0 giant club
              (27 damage)
             ... on level 8 of the Dungeon.
             The game lasted 00:11:20 (8734 turns).

crimpus the Basher (Ogre Berserker)                 Turns: 8734, Time: 00:11:21

Health: -20/123    AC:  5    Str: 27    XL:     11   Next: 22%
Magic:  11/11      EV: 10    Int:  8    God:    Trog [***...]
Gold:   424        SH:  0    Dex:  8    Spells: 10/10 levels left

rFire   . . .      SeeInvis .   o - +2 giant spiked club
rCold   . . .      Faith    .   (shield currently unavailable)
rNeg    . . .      Spirit   .   m - +0 troll leather armour
rPois   .          Reflect  .   (helmet restricted)
rElec   .          Harm     .   (no cloak)
rCorr   .          Rampage  .   (gloves unavailable)
Will    +....                   (boots unavailable)
Stlth   +.........              g - amulet of regeneration
HPRegen 1.90/turn               (no ring)
MPRegen 0.12/turn               (no ring)

@: lethally poisoned (-20 -> -22), on berserk cooldown, slowed, studying
Dodging, very slow
A: large, unfitting armour, tough skin 1
a: Renounce Religion, Berserk, Trog's Hand


You were on level 8 of the Dungeon.
You worshipped Trog.
Trog was most pleased with you.
You visited 1 branch of the dungeon, and saw 9 of its levels.

You collected 424 gold pieces.

Inventory:

Hand Weapons
 a - a +0 mace
 c - a +2 whip of electrocution
 o - a +2 giant spiked club (weapon)
Missiles
 s - 3 throwing nets (quivered)
Armour
 b - a +0 animal skin
 k - +0 steam dragon scales
 m - a +0 troll leather armour (worn)
Jewellery
 g - an amulet of regeneration (around neck)
Wands
 n - a wand of flame (48)
 r - a wand of digging (4)
 u - a wand of iceblast (19)
 v - a wand of acid (5)
 w - a wand of paralysis (7)
 x - a wand of charming (6)
Scrolls
 e - a scroll of amnesia
 f - a scroll of teleportation
 h - a scroll of immolation
 j - a scroll of vulnerability
 q - a scroll of enchant armour
 y - a scroll of identify
Potions
 d - a potion of ambrosia
 i - a potion of cancellation
 l - 3 potions of curing
 p - a potion of might
 t - 3 potions of attraction


   Skills:
 + Level 12.2 Fighting
 + Level 12.7 Maces & Flails
 + Level 2.5 Armour
 + Level 4.5 Dodging


You had 10 spell levels left.
You didn't know any spells.
Your spell library was empty.

Dungeon Overview and Level Annotations

Branches:
Dungeon (9/15)             Temple (0/1) D:4
   Lair: D:8-11         Orc: D:9-12

Altars:
Dithmenos
Fedhas
Hepliaklqana
Nemelex Xobeh
Trog
Vehumet

Shops:
D:6 ?


Innate Abilities, Weirdness & Mutations

You are too large for most types of armour.
You have tough skin. (AC +1)


Message History

The two-headed ogre hits you with a +0 giant club!
The killer bee stings you but does no damage.
You hit the two-headed ogre.
The two-headed ogre is lightly wounded.
The killer bee barely misses you. The killer bee stings you.
You are poisoned.
The killer bee poisons you!
The brown ugly thing engulfs you but does no damage.
You bludgeon the two-headed ogre!!
The two-headed ogre is heavily wounded.
You feel sick. The killer bee stings you. x2
You are more poisoned.
The killer bee poisons you!
The two-headed ogre hits you with a +0 giant club! x2
The brown ugly thing engulfs you!
You are splashed with acid!
The killer bee stings you.
You are too injured to fight recklessly!
You are too injured to fight recklessly!
You are no longer berserk.
You are exhausted.
You feel yourself slow down.
You feel very sick. The killer bee barely misses you.
The killer bee stings you!
* * * LOW HITPOINT WARNING * * *
The killer bee barely misses you.
You climb upwards.
You feel very sick.
There is a stone staircase leading down, spattered with blood here.
You feel very sick. The killer bee stings you.
* * * LOW HITPOINT WARNING * * *
You are more poisoned.
The killer bee poisons you! The killer bee stings you!
* * * LOW HITPOINT WARNING * * *
The killer bee stings you.
* * * LOW HITPOINT WARNING * * *
The killer bee stings you.
* * * LOW HITPOINT WARNING * * *
The two-headed ogre hits you with a +0 giant club!!
You die...

##### #.... #.... ######
###### #######...[ #....#
#....####....##....
#....####..................
#.......#y@.###.###........
#.......#Ouy.##.##.........
#.......#)....#.#..........
###.....#.....#.#.....#....
#.....#.#...#.#..........
####.........#.#.#.#.#[.....
#..'.........(##.##......###
#.##.......[###...###....###
#.##..........##.##.........


You could see a brown ugly thing, a two-headed ogre and 2 killer bees.

Vanquished Creatures
  Harold (D:7)
  A centaur warrior (D:8)
  2 two-headed ogres
  Joseph (D:7)
  Maggie (D:6)
  A troll (D:7)
  A slime creature (D:8)
  A wyvern (D:5)
  6 yaks (D:8)
  2 steam dragons
  A water moccasin (D:7)
  3 orc warriors
  A black bear (D:6)
  5 ogres
  3 centaurs
  A necrophage (D:7)
  Blork the orc (D:4)
  2 kobold brigands (D:7)
  A gnoll sergeant (D:7)
  A bullfrog (D:8)
  A wyvern zombie (D:4)
  2 scorpions
  5 killer bees
  A water moccasin skeleton (D:6)
  4 wights (D:6)
  An electric eel (D:8)
  3 howler monkeys
  2 centaur zombies
  A bullfrog zombie (D:6)
  2 orc priests (D:5)
  5 hounds
  2 jellies (D:7)
  2 centaur skeletons
  Natasha (thrice) (D:3)
  5 iguanas
  7 orc wizards
  A hound zombie (D:5)
  2 howler monkey zombies
  8 gnolls
  2 adders (D:5)
  A shadow imp (D:7)
  A white imp (D:7)
  An ufetubus (D:5)
  2 adder skeletons (D:4)
  2 worms (D:3)
  3 dart slugs
  23 orcs
  11 ball pythons
  6 endoplasms
  7 giant cockroaches
  5 goblins
  3 hobgoblins
  4 jackals (D:5)
  6 kobolds
  2 quokkas (D:5)
  3 bats
  2 frilled lizards (D:1)
  6 rats
183 creatures vanquished.

Vanquished Creatures (others)
  An orc (D:8)
  20 fungi (D:5)
  A plant (D:4)
22 creatures vanquished.

Grand Total: 205 creatures vanquished

Notes
Turn   | Place    | Note
-------+----------+-------------------------------------------
     0 | D:1      | crimpus the Ogre Berserker began the quest for the Orb.
     0 | D:1      | Reached XP level 1. HP: 24/24 MP: 1/1
   151 | D:1      | Reached XP level 2. HP: 33/33 MP: 2/2
   224 | D:1      | Found a faded altar of an unknown god.
   428 | D:1      | Reached XP level 3. HP: 40/40 MP: 3/3
   647 | D:1      | Reached skill level 5 in Fighting
  1969 | D:3      | Reached ** piety under Trog
  2018 | D:3      | Noticed Natasha
  2022 | D:3      | Killed Natasha
  2023 | D:3      | Reached XP level 4. HP: 50/50 MP: 4/4
  2127 | D:3      | Noticed Natasha
  2133 | D:3      | Killed Natasha
  2344 | D:3      | Noticed Natasha
  2357 | D:3      | Killed Natasha
  2358 | D:3      | Reached XP level 5. HP: 47/59 MP: 5/5
  2692 | D:3      | Reached XP level 6. HP: 68/68 MP: 6/6
  2693 | D:3      | Reached skill level 5 in Maces & Flails
  2890 | D:4      | Reached XP level 7. HP: 78/78 MP: 7/7
  3275 | D:4      | Noticed Blork the orc
  3281 | D:4      | Killed Blork the orc
  3375 | D:4      | Found a staircase to the Ecumenical Temple.
  3461 | D:4      | Found a sparkling altar of Nemelex Xobeh.
  3748 | D:5      | Entered Level 5 of the Dungeon
  4180 | D:5      | Noticed a wyvern
  4191 | D:5      | Killed a wyvern
  4192 | D:5      | Reached XP level 8. HP: 73/88 MP: 8/8
  4496 | D:5      | Found a shadowy altar of Dithmenos.
  4648 | D:5      | Found a bloodstained altar of Trog.
  5291 | D:6      | Reached *** piety under Trog
  5699 | D:6      | Noticed Maggie
  5703 | D:6      | Reached XP level 9. HP: 68/98 MP: 9/9
  5707 | D:6      | Killed Maggie
  6140 | D:6      | Found Zoleiw's Magic Scroll Boutique.
  6365 | D:6      | Found a hazy altar of Hepliaklqana.
  6661 | D:7      | Reached skill level 10 in Maces & Flails
  6723 | D:7      | Reached skill level 10 in Fighting
  6809 | D:7      | Noticed a troll
  6817 | D:7      | Killed a troll
  7033 | D:7      | Noticed a two-headed ogre
  7039 | D:7      | Killed a two-headed ogre
  7040 | D:7      | Reached XP level 10. HP: 110/111 MP: 10/10
  7126 | D:7      | Noticed Joseph
  7144 | D:7      | Killed Joseph
  7295 | D:7      | Noticed Harold
  7307 | D:7      | Killed Harold
  7416 | D:7      | Found a blossoming altar of Fedhas.
  7634 | D:7      | Reached skill level 1 in Armour
  8236 | D:8      | Found a radiant altar of Vehumet.
  8441 | D:8      | Noticed a centaur warrior
  8458 | D:8      | Killed a centaur warrior
  8459 | D:8      | Reached XP level 11. HP: 123/123 MP: 11/11
  8671 | D:9      | Noticed a brown ugly thing
  8671 | D:9      | Noticed a two-headed ogre
  8672 | D:9      | Noticed a two-headed ogre
  8676 | D:8      | Killed a two-headed ogre
  8734 | D:8      | Demolished by a two-headed ogre

Illustrated notes

Levels and vault maps discovered:
D:1:      eino_arrival_water_cross, layout_loops_ring, basic_ecumenical_altar,
          minmay_pentomino_x2
D:2:      layout_loops_ring, minmay_cut_off
D:3:      layout_loops_cross, uniq_natasha
D:4:      layout_cave_pools, nemelex_xobeh_ov_fountains_minmay,
          minmay_temple_entry_fiery, serial_park, serial_park_square2,
          serial_park_square3 [serial_park_minivault_5x5_5],
          serial_park_tiny_pond, serial_park_tiny_1, minmay_crystal_water,
          uniq_blork_the_orc
D:5:      layout_loops_ring, mainiacjoe_overflow_chevrons,
          mainiacjoe_overflow_small_starburst
D:6:      layout_rooms, amcnicky_altar_gilded, serial_shops, shop,
          minmay_misc_feat_tower, uniq_maggie
D:7:      cheibrodos_quashed, layout_basic, marbit_many_paths, nzn_random_ring,
          uniq_joseph, uniq_harold
D:8:      cheibrodos_helix_gallery, layout_basic, vehumet_crystals,
          minmay_manual_monstrance
D:9:      layout_rooms, nicolae_ashenzari_panopticon, lair_entry_dummy,
          st_stairs_14

Skill      XL: |  1  2  3  4  5  6  7  8  9 10 11 |
---------------+----------------------------------+-----
Maces & Flails | 3 4 5 7 8 11 12 | 12.7
Fighting       | 5 6 7 9 10 11 12 | 12.2
Dodging        | 3 4 |  4.5
Armour         | 2 |  2.5

Action                   |  1- 3 |  4- 6 |  7- 9 | 10-12 || total
-------------------------+-------+-------+-------+-------++-------
Melee: Whip              |    94 |    58 |     5 |       ||   157
       Punch             |     2 |     1 |       |       ||     3
       Giant spiked club |       |       |   298 |   113 ||   411
Invok: Berserk           |     2 |     5 |     9 |     8 ||    24
       Trog's Hand       |       |       |     3 |     1 ||     4
  Use: Scroll            |       |       |    10 |     4 ||    14
       Potion            |       |       |     6 |       ||     6
Armor: Animal skin       |    27 |    10 |    11 |       ||    48
       Robe              |       |       |    76 |       ||    76
       Steam dragon scal |       |       |    34 |       ||    34
       Troll leather arm |       |       |     1 |    36 ||    37
Dodge: Dodged            |    45 |    37 |   191 |    83 ||   356
